 Dungeon Crawl Stone Soup version 0.17.1-2-g5865329 (webtiles) character file.

1455697 NicuTudor the Slayer (level 27, 235/235 HPs)
             Began as a Mummy Fighter on Feb 12, 2016.
             Was an Initiate of Gozag.
             Escaped with the Orb
             ... and 3 runes on Feb 15, 2016!
             The game lasted 15:08:00 (104064 turns).

NicuTudor the Slayer (Mummy Fighter)              Turns: 104064, Time: 15:08:00

Health: 235/235    AC: 44    Str: 25    XL:     27
Magic:  54/54      EV: 22    Int: 10    God:    Gozag
Gold:   952        SH:  0    Dex: 22    Spells: 6 memorised, 30 levels left

rFire  + + +     SeeInvis +     a - +9 morningstar (vamp)
rCold  + + +     Clarity  .     u - +9 armour of the Dragon King {rPois rF+ rC+ MR+}
rNeg   + + +     SustAt   .     (no shield)
rPois  ∞         Gourm    .     t - +1 helmet of the Big Bang {rPois rC+ SInv}
rElec  +         Spirit   .     k - +2 cloak {MR+}
rCorr  .         Warding  .     y - +2 pair of gloves
rMut   .         Stasis   .     J - +2 pair of boots {Fly}
MR     +++++                    N - amulet of the Original Sin {+Rage rF+ Dex+4 Slay+2}
Stlth  ..........               F - ring "Hezeisip" {rElec rF+++ MP+9 Dex+2}
                                A - ring of Paucwugu {rC+ MR+ MP+9 EV+5}

@: very slightly contaminated, hasted, repel missiles, very quick, almost
entirely resistant to hostile enchantments, extremely unstealthy
A: no food or potions, fire vulnerability, cold resistance 1, negative energy
resistance 3, torment resistance, unbreathing, in touch with death 2, restore
body
a: Self-Restoration, Potion Petition, Call Merchant, Bribe Branch, Renounce
Religion, Evoke Flight
0: Orb of Zot
}: 3/15 runes: barnacled, silver, gossamer


You escaped.
You worshipped Gozag.
Gozag was noncommittal.
You were not hungry.

You visited 10 branches of the dungeon, and saw 54 of its levels.
You visited 1 bazaar.

You collected 32901 gold pieces.
You spent 10484 gold pieces at shops.
You paid 21465 gold pieces to Gozag.

Inventory:

Hand Weapons
 a - a +9 vampiric morningstar (weapon)
 b - the +6 great mace "Kapedeet" {crush, SInv}
   (You bought it in a shop on level 4 of the Orcish Mines)

   It inflicts extra damage upon your enemies.
   It lets you see invisible.
 c - the +7 dire flail of Makhleb's Supremacy {crush, rF+ Str+2 Dex+6}
   (You acquired it on level 1 of the Realm of Zot)

   It inflicts extra damage upon your enemies.
   It affects your strength (+2).
   It affects your dexterity (+6).
   It protects you from fire.
 o - a +0 blowgun
Missiles
 h - 2 throwing nets
 C - 28 javelins of penetration (quivered)
 E - 50 poisoned needles
 M - 3 curare-tipped needles
Armour
 k - a +2 cloak of magic resistance (worn)
 t - the +1 helmet of the Big Bang (worn) {rPois rC+ SInv}
   (You found it on level 2 of the Vaults)

   It protects you from cold.
   It protects you from poison.
   It lets you see invisible.
 u - the +9 armour of the Dragon King (worn) {rPois rF+ rC+ MR+}
   (You bought it in a shop on level 8 of the Lair of Beasts)

   It protects you from fire.
   It protects you from cold.
   It protects you from poison.
   It affects your resistance to hostile enchantments.
 y - a +2 pair of gloves (worn)
 J - a +2 pair of boots of flying (worn)
Rods
 d - a +2 rod of destruction (10/10) {@w3!a}
   (You took it off a deep elf fighter on level 3 of the Elven Halls)
 I - a +3 rod of the swarm (9/9) {@w2!a,albine}
   (You took it off a deep elf conjurer on level 3 of the Elven Halls)
 S - a -1 iron rod (11/11) {@w1!a,shotgun}
   (You found it on level 4 of the Spider Nest)
Jewellery
 e - the amulet of Pessimism {rMut rF+ rC- Stlth+}
   (You bought it in a shop on level 4 of the Spider Nest)

   [amulet of resist mutation]

   It protects you from mutation.
   It protects you from fire.
   It makes you vulnerable to cold.
   It makes you more stealthy.
 r - an uncursed amulet of resist corrosion
 A - the ring of Paucwugu (left hand) {rC+ MR+ MP+9 EV+5}
   (You bought it in a shop on level 4 of the Orcish Mines)

   [ring of evasion]

   It affects your evasion (+5).
   It protects you from cold.
   It affects your resistance to hostile enchantments.
   It affects your magic capacity (+9).
 F - the ring "Hezeisip" (right hand) {rElec rF+++ MP+9 Dex+2}
   (You took it off a deep elf death mage on level 5 of the Vaults)

   [ring of magical power]

   It affects your dexterity (+2).
   It renders you almost immune to fire.
   It insulates you from electricity.
   It affects your magic capacity (+9).
 G - an uncursed ring of invisibility
 N - the amulet of the Original Sin (around neck) {+Rage rF+ Dex+4 Slay+2}
   (You took it off a deep elf death mage on level 3 of the Elven Halls)

   [amulet of rage]

   It affects your dexterity (+4).
   It affects your accuracy and damage with ranged weapons and melee attacks
   (+2).
   It protects you from fire.
   It lets you go berserk.
Wands
 i - a wand of digging (10)
 m - a wand of disintegration (2)
 n - a wand of digging (0)
 B - a wand of fire (4)
 D - a wand of hasting (1) {@v1}
 T - a wand of teleportation (2) {@v2!v}
 X - a wand of invisibility (0)
Scrolls
 j - 29 scrolls of remove curse
 s - 8 scrolls of identify
 z - 9 scrolls of teleportation {@r1!r}
 L - a scroll of blinking {@r2!r}
 O - 6 scrolls of fog
 R - 5 scrolls of fear
 W - 3 scrolls of immolation {!r}
Miscellaneous
 f - a fan of gales (inert)
 g - a lamp of fire (inert)
 q - a phial of floods (inert)


   Skills:
 + Level 23.2 Fighting
 - Level 20.0 Maces & Flails
 - Level 17.0 Armour
 + Level 16.8 Dodging
   Level 4.1 Shields
 - Level 10.2 Spellcasting
 - Level 10.6 Charms
 - Level 12.1 Translocations
 - Level 10.2 Air Magic
 - Level 10.0 Evocations


You had 30 spell levels left.
You knew the following spells:

 Your Spells              Type           Power        Failure   Level  Hunger
a - Apportation           Tloc           ####......   1%          1    N/A
b - Blink                 Tloc           N/A          3%          2    N/A
f - Phase Shift           Tloc           ####......   61%         5    N/A
g - Passage of Golubria   Tloc           N/A          21%         4    N/A
w - Swiftness             Chrm/Air       ####....     10%         2    N/A
R - Repel Missiles        Chrm/Air       ####..       10%         2    N/A

Dungeon Overview and Level Annotations

Branches:
Dungeon (15/15)            Temple (1/1) D:6            Lair (8/8) D:9
 Shoals (4/4) Lair:3       Spider (4/4) Lair:5        Slime (0/6) Lair:6
    Orc (4/4) D:12            Elf (3/3) Orc:3        Vaults (5/5) D:14
  Crypt (0/3) Vaults:3     Depths (5/5) D:15            Zot (5/5) Depths:5

Altars:
Ashenzari
Cheibriados
Dithmenos
Elyvilon
Fedhas
Gozag
Kikubaaqudgha
Makhleb
Nemelex Xobeh
Okawaru
Qazlal
Ru
Sif Muna
Trog
Vehumet
Xom
Yredelemnul
Zin
The Shining One
Beogh
Jiyva

Shops:
D:7 [   D:10 %   D:11 *   D:12 *   D:15 :   Orc:4 *[=(   Elf:1 !   Elf:2 =
Lair:4 (   Lair:8 [   Spider:4 =   Vaults:1 (   Vaults:4 ?   Depths:1 }*=

Portals:
Hell: Depths:1 Depths:2 Depths:3 Depths:4 Depths:5
Abyss: Depths:1 Depths:3 Depths:4
Pandemonium: Depths:3
Trove: Elf:1 (give 12 scrolls of teleportation)

Annotations:
D:7 sc sus grupate,deschis, 1 exclusion
Orc:4 exclusion: oklob plant
Elf:2 3 runed doors, exclusions: 3 doors and 2 more exclusions
Elf:3 1 exclusion
Vaults:3 !, exclusions: 5 doors and 1 more exclusion, Mennas
Vaults:4 !Mara, exclusions: 8 doors and upstairs
Vaults:5 !Esti pregatit?
Depths:1 exclusion: downstairs
Depths:2 !, exclusions: 3 doors and 2 more exclusions, the Enchantress
Depths:3 exclusion: upstairs
Depths:4 2 runed doors
Depths:5 exclusion: 2 upstairs
Zot:3 exclusion: upstairs
Zot:5 exclusion: 2 upstairs


Innate Abilities, Weirdness & Mutations

You do not eat or drink.
Your flesh is vulnerable to fire.
You are immune to poison.
Your flesh is cold resistant.
You are immune to negative energy.
You are immune to unholy pain and torment.
You can survive without breathing.
You are strongly in touch with the powers of death.
You can restore your body by infusing magical energy.


Message History

Purchase which effect?
You feel yourself speed up.
You feel much better.
Read which item? (? for menu, Esc to quit)
As you read the scroll of fog, it crumbles to dust.
The scroll dissolves into smoke.
A blue devil comes into view.
There is an open door here.
The blue devil swoops through the air toward you!
The blue devil closely misses you.
You hit the blue devil but do no damage.
The blue devil hits you but does no damage.
The blue devil is distracted by your gold.
Evoke which item? (* to show all) (? for menu, Esc to quit)
Zapping:
i - a wand of digging (11)
Press: ? - help, Shift-Dir - straight line The rock shatters into small pieces.
This wand has 10 charges left.
A blizzard demon comes into view.
There is a staircase leading out of the dungeon here.
Enter note: Greu la inceput,simplu la sfirsit.
You have escaped!

######### #......
#...... #......
#...### #...#
#...# #####
##################
#@#.##...##.##...#
#..###%##.##...#..
###..#..#.#.....#.
#..##.#.##..#..##.
#.##...#.#..#..#..
##.#.###..#...#..#
###.###.#.#..#...#
#.###..##.##.....[
#.#...#.##.#...#..


There were no monsters in sight!

Vanquished Creatures
  3 orbs of fire (Zot:5)
  2 juggernauts (Depths:5)
  9 ancient liches
  Frederick (Vaults:5)
  Margery (Vaults:5)
  Norris (Depths:2)
  5 Killer Klowns
  10 caustic shrikes
  3 curse toes (Zot:5)
  Nikola (Shoals:3)
  Xtahua (Vaults:2)
  3 golden dragons
  Arachne (Spider:2)
  4 electric golems
  Jorgrun (Spider:3)
  A Brimstone Fiend (Zot:5)
  5 liches
  Rupert (Orc:4)
  13 tentacled monstrosities
  24 Orb Guardians
  3 titans
  A deep elf blademaster (Elf:3)
  10 acid blobs (Zot:2)
  10 death cobs
  2 deep elf master archers (Elf:3)
  9 sphinxes
  Polyphemus (Shoals:4)
  Kirke (Spider:1)
  The ghost of Aarh the Spear-Bearer, an adept MfWn of Okawaru (Depths:4)
  9 shadow dragons
  An ancient champion (Vaults:3)
  17 storm dragons
  11 tengu reavers
  3 draconian monks
  Ilsuiw (Shoals:4)
  Wiglaf (Spider:4)
  An azure jelly (shapeshifter) (D:15)
  14 frost giants
  Maud (Lair:6)
  8 deep elf sorcerers (Elf:3)
  2 draconian knights (Zot:1)
  4 iron dragons
  9 fire giants
  4 emperor scorpions
  3 draconian scorchers
  Aizul (Spider:3)
  6 ghost moths
  Louise (D:14)
  A balrug (D:12)
  14 vault wardens
  6 draconian zealots
  6 draconian shifters
  10 ironheart preservers
  4 draconian annihilators
  3 war gargoyles
  2 spriggan defenders (Depths:5)
  18 stone giants
  2 draconian callers
  9 very ugly things
  3 vampire knights (Depths:5)
  Nessos (Lair:5)
  11 deep elf demonologists
  9 green draconians
  14 white draconians
  9 red draconians
  6 deep elf annihilators
  A salamander stormcaller (Vaults:5)
  Azrael (D:14)
  11 black draconians
  23 yellow draconians
  6 mottled draconians
  6 purple draconians
  5 merfolk javelineers
  7 deep elf death magi
  3 jiangshi (Depths:3)
  A crystal guardian (Vaults:4)
  14 yaktaur captains
  17 merfolk impalers
  A fire dragon (shapeshifter) (D:15)
  29 vault guards
  20 ettins
  Josephine (Lair:6)
  10 great orbs of eyes
  8 deep elf high priests
  18 fire dragons
  7 rakshasas
  8 entropy weavers
  7 hydras
  3 catoblepae
  4 spriggan air magi
  19 ice dragons
  6 satyrs
  14 deep troll shamans
  3 merfolk aquamancers
  9 centaur warriors
  An alligator snapping turtle (Shoals:4)
  3 tengu warriors
  3 orc high priests
  A vampire mage (Depths:3)
  12 ogre magi
  16 death yaks
  10 deep troll earth magi
  6 spriggan berserkers
  6 wizards
  Sonja (D:13)
  14 deep elf knights
  3 sun demons
  13 hell knights
  6 iron trolls
  9 skeletal warriors
  16 sea snakes
  A torturous demonspawn (Depths:2)
  3 giant orange brains
  A fire crab (Vaults:2)
  A sea snake (shapeshifter) (D:15)
  20 deep trolls
  A swamp dragon (shapeshifter) (Depths:1)
  The ghost of emiel the Carver, a novice OpGl of Cheibriados (D:10)
  8 unseen horrors
  15 deep elf summoners
  A shadow wraith (Vaults:3)
  4 flayed ghosts
  4 harpies
  4 phantasmal warriors (Vaults:5)
  6 hill giants
  A kraken simulacrum (Shoals:4)
  Pikel (D:6)
  17 ironbrand convokers
  An anubis guard (shapeshifter) (Vaults:5)
  16 deep elf conjurers
  7 necromancers
  36 moths of wrath
  A wolf spider (shapeshifter) (Vaults:2)
  A frost giant zombie (Depths:2)
  10 hornets
  32 wolf spiders
  12 orc knights
  10 orb spiders
  6 oklob plants
  12 griffons
  3 orc sorcerers
  A stone giant zombie (Depths:2)
  2 tengu skeletons
  50 ugly things
  A shadow dragon skeleton (Depths:4)
  20 cyclopes
  6 water nymphs
  13 manticores
  An elephant (shapeshifter) (Vaults:2)
  A salamander (shapeshifter) (Vaults:2)
  Maurice (Orc:4)
  12 elephants
  Joseph (D:7)
  12 vault sentinels
  9 fauns
  11 sirens
  2 centaur skeletons (D:15)
  A faun (shapeshifter) (Depths:3)
  An ice statue (D:9)
  A guardian serpent (shapeshifter) (Vaults:2)
  15 spiny frogs
  4 black mambas
  A torpor snail (Spider:3)
  48 yaktaurs
  A gargoyle (D:15)
  An orange demon (Depths:2)
  An elf skeleton (Depths:4)
  A fire drake (Lair:8)
  9 komodo dragons
  A tormentor (Depths:3)
  A fire drake (shapeshifter) (Vaults:1)
  A hellwing (Depths:2)
  A komodo dragon (shapeshifter) (Depths:1)
  2 tengu conjurers
  7 trolls
  13 polar bears
  4 deep elf priests
  11 demonic crawlers
  A queen bee (shapeshifter) (Vaults:5)
  A wind drake (Shoals:2)
  A two-headed ogre (shapeshifter) (Depths:5)
  A troll (shapeshifter) (Vaults:5)
  19 slime creatures
  7 freezing wraiths
  43 merfolk
  38 jumping spiders
  A fire giant simulacrum (Depths:2)
  7 boulder beetles
  A tengu simulacrum (Depths:2)
  A frost giant simulacrum (Depths:4)
  19 two-headed ogres
  22 blink frogs
  A raiju (shapeshifter) (Depths:5)
  6 snapping turtles
  3 large abominations (Depths:1)
  2 spriggans
  29 trapdoor spiders
  A vampire (Depths:1)
  Sigmund (D:4)
  3 air elementals (Depths:2)
  32 tarantellas
  57 redbacks
  A redback (shapeshifter) (D:15)
  15 water elementals
  22 deep elf magi
  8 small abominations (Depths:1)
  An ice dragon skeleton (Vaults:1)
  8 wraiths
  3 shadows
  A stone giant simulacrum (Vaults:1)
  A tarantella (shapeshifter) (Depths:5)
  A hog (D:11)
  72 yaks
  25 deep elf fighters
  3 wyverns
  Grum (D:8)
  3 fire elementals (D:14)
  A soldier ant (D:13)
  A basilisk (shapeshifter) (D:15)
  A steam dragon (Lair:5)
  3 hippogriffs (shapeshifter)
  3 basilisks
  21 humans (D:14)
  25 vampire mosquitoes
  3 mottled dragons
  8 hippogriffs
  4 hungry ghosts
  3 wargs
  A chaos spawn (Depths:1)
  A neqoxec (Depths:1)
  15 wolves
  18 water moccasins
  4 hell hounds (D:14)
  2 slaves (D:6)
  13 porcupines
  A hornet simulacrum (Vaults:1)
  2 ettin simulacra
  An eye of draining (shapeshifter) (Depths:4)
  12 ice beasts
  47 orc warriors
  5 phantoms
  24 spiders
  8 boggarts
  9 black bears
  An eye of draining (D:15)
  2 wasps
  A necrophage (D:12)
  A wasp (shapeshifter) (Elf:3)
  14 centaurs
  2 sky beasts
  A tengu (shapeshifter) (D:15)
  19 crocodiles
  2 big kobolds
  47 ogres
  A big kobold (shapeshifter) (Elf:2)
  A human zombie (Vaults:1)
  2 brain worms
  2 brain worms (shapeshifter) (Depths:5)
  A gnoll sergeant (D:9)
  7 scorpions
  A scorpion (shapeshifter) (Depths:5)
  19 giant frogs
  14 wights
  10 killer bees
  7 electric eels
  11 hounds
  2 giant frog skeletons
  9 crimson imps
  An iron imp (D:11)
  43 orc wizards
  3 giant frog zombies
  18 jellies
  8 centaur zombies
  38 orc priests
  Ijyb (D:2)
  A wyvern simulacrum (D:14)
  Terence (D:3)
  A quasit (D:9)
  9 iguanas
  14 worker ants
  26 sheep
  4 hound skeletons
  2 worker ant zombies
  Robin (D:2)
  13 gnolls
  11 adders
  76 river rats
  2 shadow imps (D:6)
  An adder (shapeshifter) (D:13)
  An ooze (D:3)
  An ufetubus (D:10)
  An adder skeleton (D:10)
  A worm (Lair:5)
  10 giant geckos
  251 orcs
  2 ball pythons (D:1)
  7 giant cockroaches
  19 goblins
  17 hobgoblins
  18 jackals
  4 quokkas
  10 bats
  7 giant newts
  13 kobolds
  A quokka zombie (D:7)
  13 rats
  3 fungi
  3 plants
  A tentacle (Shoals:4)
2771 creatures vanquished.

Vanquished Creatures (collateral kills)
  2 juggernauts
  A golden dragon (Zot:5)
  A tentacled monstrosity (Zot:1)
  2 acid blobs (Zot:2)
  A death cob (Zot:5)
  2 draconian monks
  A tengu reaver (Vaults:5)
  A vault warden (Vaults:4)
  An emperor scorpion (Spider:4)
  An orc warlord (Orc:2)
  A draconian annihilator (Zot:2)
  A very ugly thing (Depths:5)
  A deep elf annihilator (Elf:3)
  5 yellow draconians (Zot:2)
  A merfolk javelineer (Depths:3)
  An ettin (Vaults:5)
  A vault guard (Vaults:4)
  A yaktaur captain (Depths:5)
  3 merfolk avatars
  A centaur warrior (Vaults:1)
  A merfolk aquamancer (Shoals:3)
  A giant orange brain (Depths:1)
  An orc knight (Orc:2)
  A water nymph (shapeshifter) (Vaults:5)
  A manticore (Shoals:3)
  A water nymph (Shoals:3)
  A siren (Shoals:3)
  2 orc sorcerers (Orc:2)
  A polar bear (D:11)
  A merfolk (Shoals:3)
  2 trapdoor spiders (Spider:4)
  A deep elf fighter (Elf:3)
  An orc warrior (Orc:3)
  A jelly (Zot:2)
  3 gnolls (Orc:4)
  13 orcs
  A fungus (Depths:5)
62 creatures vanquished.

Vanquished Creatures (others)
  A tengu reaver (D:15)
  A draconian zealot (Zot:2)
  A draconian shifter (Zot:1)
  A vault guard (Vaults:4)
  3 deep elf high priests (Elf:3)
  A rakshasa (Depths:1)
  3 dancing weapons (Vaults:5)
  2 ball lightnings
  A deep elf conjurer (Elf:3)
  A faun (Shoals:2)
  A moth of wrath (Zot:5)
  A siren (Shoals:4)
  A demonic crawler (Spider:1)
  2 yaktaurs (D:15)
  4 humans (Spider:1)
  A swamp worm (shapeshifter) (Depths:1)
  A spider (Spider:1)
  A centaur (D:10)
  A giant frog zombie (D:12)
  An orc wizard (D:12)
  An iguana (D:7)
  3 bushes (Lair:8)
  46 fungi
  51 plants
  7 tentacles (Shoals:4)
  4 tentacle segments (Shoals:4)
141 creatures vanquished.

Grand Total: 2974 creatures vanquished

Notes
Turn   | Place    | Note
--------------------------------------------------------------
     0 | D:1      | NicuTudor the Mummy Fighter began the quest for the Orb.
     0 | D:1      | Reached XP level 1. HP: 18/18 MP: 1/1
     0 | D:1      | @@@S-ar putea sa-mi ia citeva incercari pina sa-mi iese MuFi.
   289 | D:1      | Noticed an ogre
   289 | D:1      | Noticed an ogre
   289 | D:1      | Noticed an ogre
   323 | D:1      | Reached XP level 2. HP: 21/24 MP: 2/2
  1438 | D:2      | Reached XP level 3. HP: 29/29 MP: 3/3
  1588 | D:2      | Noticed Robin
  2185 | D:2      | Noticed Ijyb
  2473 | D:2      | Reached XP level 4. HP: 10/35 MP: 4/4
  2940 | D:2      | Killed Robin
  3648 | D:2      | Reached skill level 4 in Maces & Flails
  3648 | D:2      | Reached XP level 5. HP: 17/41 MP: 5/5
  3987 | D:3      | Noticed Terence
  4025 | D:4      | Noticed Sigmund
  4278 | D:2      | @@@Foarte complicat
  4450 | D:2      | Killed Ijyb
  4611 | D:3      | Killed Terence
  4778 | D:3      | Reached XP level 6. HP: 38/48 MP: 6/6
  5074 | D:4      | Found a burning altar of Makhleb.
  5074 | D:4      | Noticed a cacodemon
  5288 | D:4      | @@@Sig o sa ma omoare:(
  5316 | D:4      | @@@Sint confuz;o sa se termine in scurt timp.
  5400 | D:3      | Reached skill level 5 in Maces & Flails
  5424 | D:3      | @@@Reusii sa scap:)
  5800 | D:5      | Entered Level 5 of the Dungeon
  5911 | D:5      | Reached XP level 7. HP: 54/54 MP: 7/7
  6030 | D:5      | Found a blossoming altar of Fedhas.
  6229 | D:5      | Reached skill level 6 in Maces & Flails
  7063 | D:5      | @@@Acele ma salvara
  7084 | D:6      | Noticed a basilisk
  7319 | D:5      | Reached XP level 8. HP: 60/60 MP: 8/8
  7409 | D:5      | @@@Trebuie sa-l gasesc pe Oki
  7477 | D:6      | Reached skill level 7 in Maces & Flails
  8449 | D:6      | Killed a basilisk
  8449 | D:6      | Reached skill level 5 in Fighting
  8514 | D:6      | @@@Omorii basiliscu,gasii 2 s tele si un inel de foc.
  8514 | D:6      | @@@Supravietuiesc
  8618 | D:6      | @@@Nu antrenai scutu pt ca vreau sa folosesc un GM.
  8759 | D:6      | Found a staircase to the Ecumenical Temple.
  8762 | D:6      | @@@In sfirsit!!
  8765 | Temple   | Entered the Ecumenical Temple
  8816 | Temple   | Became a worshipper of Gozag Ym Sagoz the Greedy
  9384 | D:6      | Reached skill level 8 in Maces & Flails
  9530 | D:7      | Found Diwieny's Armour Boutique.
  9534 | D:7      | Found a radiant altar of Vehumet.
  9855 | D:7      | Noticed Pikel
 10125 | D:1      | Noticed an ogre
 10161 | D:1      | Killed an ogre
 10161 | D:1      | Reached XP level 9. HP: 64/68 MP: 9/9
 10166 | D:1      | Killed an ogre
 10315 | D:1      | Killed an ogre
 10421 | D:1      | Killed an ogre
 10741 | D:4      | Reached skill level 5 in Armour
 10995 | D:8      | Found an iron altar of Okawaru.
 11055 | D:8      | Reached skill level 9 in Maces & Flails
 11055 | D:8      | Reached skill level 1 in Dodging
 11277 | D:8      | Noticed Grum
 11284 | D:8      | Killed Grum
 11814 | D:8      | Found a sacrificial altar of Ru.
 11967 | D:8      | Noticed a two-headed ogre
 11995 | D:8      | Killed a two-headed ogre
 12680 | D:9      | Noticed an ice statue
 12808 | D:9      | Reached XP level 10. HP: 72/74 MP: 10/10
 13073 | D:8      | Reached skill level 10 in Maces & Flails
 13143 | D:10     | Entered Level 10 of the Dungeon
 13927 | D:10     | Noticed a hill giant
 13933 | D:9      | @@@In D:10 e L
 14095 | D:7      | Noticed Joseph
 14381 | D:9      | Reached skill level 5 in Dodging
 14676 | D:9      | Found a staircase to the Lair.
 14799 | D:9      | @@@Ma inselai
 14881 | D:9      | @@@Pot sa omor iaci cu usurinta.
 14911 | Lair:1   | Entered Level 1 of the Lair of Beasts
 14977 | D:9      | @@@Nu ma intereseaza pestera
 15809 | Lair:1   | Noticed a black mamba
 15824 | Lair:1   | Killed a black mamba
 15824 | Lair:1   | Reached skill level 11 in Maces & Flails
 16052 | Lair:1   | Noticed a seven-headed hydra
 17183 | D:7      | Killed Joseph
 17183 | D:7      | Reached XP level 11. HP: 70/83 MP: 11/11
 17258 | D:7      | Found a stormy altar of Qazlal.
 17350 | D:7      | Found a glowing golden altar of the Shining One.
 17559 | D:6      | Killed Pikel
 17719 | D:4      | Killed Sigmund
 18033 | D:10     | Noticed emiel's ghost (novice OpGl)
 18351 | D:9      | @@@Sint blocat
 18523 | D:10     | Found Jirozarr's Food Boutique.
 20049 | Lair:2   | Reached skill level 12 in Maces & Flails
 20202 | D:7      | Bought the +8 scale mail "Kiunaf" {Str+4} for 950 gold pieces
 20250 | D:9      | Noticed a hill giant
 20326 | Lair:2   | Noticed a five-headed hydra
 20342 | Lair:2   | Killed a five-headed hydra
 20343 | Lair:2   | @@@Pot sa omor hidre
 21461 | Lair:2   | @@@Toate scarile jos sint intr-o camera cu oklobi!
 22323 | Lair:2   | @@@Rezolvai camera cu oklobi
 22407 | Lair:3   | Reached XP level 12. HP: 88/92 MP: 12/12
 23192 | Lair:3   | Reached skill level 13 in Maces & Flails
 24184 | Lair:4   | @@@Primu magazin nu avu nimic util
 24203 | Lair:4   | Noticed a five-headed hydra
 24214 | Lair:4   | Killed a five-headed hydra
 24258 | Lair:3   | Found a staircase to the Shoals.
 25678 | Lair:5   | Found an ancient bone altar of Kikubaaqudgha.
 25746 | Lair:5   | Reached skill level 10 in Fighting
 25923 | Lair:5   | Found a hole to the Spider Nest.
 26011 | Lair:6   | Noticed Nessos
 26032 | Lair:5   | Killed Nessos
 26032 | Lair:5   | Gained mutation: You are in touch with the powers of death. [Mummy growth]
 26032 | Lair:5   | Gained mutation: You can restore your body by infusing magical energy. [Mummy growth]
 26032 | Lair:5   | Reached XP level 13. HP: 70/103 MP: 13/13
 26244 | Lair:5   | Got a twisted chain mail
 26278 | Lair:5   | Identified the cursed +0 chain mail "Ownyufagg" {rF++ Regen+ MP+9 Int-3} (You found it on level 5 of the Lair of Beasts)
 26721 | Lair:6   | Reached skill level 14 in Maces & Flails
 26772 | Lair:6   | Noticed Maud
 27063 | Lair:6   | Noticed Josephine
 27072 | Lair:7   | @@@Josephine are DU!
 27144 | Lair:8   | Entered Level 8 of the Lair of Beasts
 27695 | Lair:7   | Got a dull robe
 28760 | D:9      | Killed a hill giant
 28857 | D:7      | Bought a +2 pair of boots for 264 gold pieces
 28857 | D:7      | Bought a +1 cloak for 184 gold pieces
 29041 | Lair:1   | Killed a seven-headed hydra
 30264 | Lair:8   | Identified the +2 robe "Pipemme" {*Corrode MR++ MP+9 Int+2} (You found it on level 7 of the Lair of Beasts)
 30329 | Lair:8   | Bought a runed cloak for 130 gold pieces
 31025 | Lair:8   | Reached XP level 14. HP: 108/114 MP: 14/14
 32536 | Lair:8   | @@@Terminai L
 32925 | D:10     | Killed a hill giant
 33124 | D:10     | Killed emiel's ghost
 33391 | D:11     | Found Wuevairr's General Store.
 33395 | D:11     | Bought a scroll of identify for 28 gold pieces
 33395 | D:11     | Bought a scroll of fear for 49 gold pieces
 33595 | D:11     | Reached skill level 1 in Evocations
 33747 | D:11     | Got a brightly glowing hunting sling
 33794 | D:11     | @@@Se simplifica
 33794 | D:11     | @@@Trebuie sa am rabdare pina pot sa cumpar Dragon King
 33952 | D:11     | Found a huge runed gate.
 33953 | D:11     | Found a huge runed gate.
 33954 | D:11     | Found a huge runed gate.
 33955 | D:11     | Found a huge runed gate.
 35206 | D:12     | Found Vipetz's General Store.
 35211 | D:12     | Bought a cursed -2 ring of strength for 26 gold pieces
 35211 | D:12     | Bought a wand of invisibility (8) for 156 gold pieces
 35211 | D:12     | Bought a scroll of blinking for 97 gold pieces
 35211 | D:12     | Bought a scroll of identify for 26 gold pieces
 35211 | D:12     | Bought a scroll of identify for 26 gold pieces
 35216 | D:12     | Bought a +2 pair of gloves for 214 gold pieces
 35444 | D:12     | Found a staircase to the Orcish Mines.
 35470 | Orc:1    | Entered Level 1 of the Orcish Mines
 36640 | Orc:2    | Noticed an orc warlord
 36738 | Orc:2    | Killed an orc warlord
 37785 | Orc:3    | Found a staircase to the Elven Halls.
 38621 | Orc:2    | Found a roughly hewn altar of Beogh.
 39067 | Orc:4    | Entered Level 4 of the Orcish Mines
 39072 | Orc:4    | Noticed Maurice
 39253 | Orc:4    | Found Gitisch's Antique Armour Emporium.
 39259 | Orc:4    | Killed Maurice
 39831 | Lair:1   | Identified the +4 hunting sling of Xian {flame, rC+ rN+ Stlth+} (You took it off an orc on level 11 of the Dungeon)
 40240 | D:13     | Reached XP level 15. HP: 123/123 MP: 16/16
 40432 | D:13     | Reached skill level 15 in Maces & Flails
 40646 | D:13     | Noticed Sonja
 40663 | D:13     | Killed Sonja
 41375 | D:14     | Found a snail-covered altar of Cheibriados.
 42070 | Spider:1 | Entered Level 1 of the Spider Nest
 42766 | Spider:1 | Reached skill level 10 in Armour
 43298 | Lair:6   | Killed Josephine
 43709 | Lair:6   | Found a runed door.
 43709 | Lair:6   | Found a viscous altar of Jiyva.
 43713 | Lair:6   | Found a staircase to the Slime Pits.
 43842 | Lair:8   | Bought the +9 armour of the Dragon King {rPois rF+ rC+ MR+} for 3619 gold pieces
 44174 | D:15     | Entered Level 15 of the Dungeon
 44784 | D:15     | Reached skill level 16 in Maces & Flails
 45297 | D:15     | @@@Inca nu folosesc DK
 45953 | Orc:4    | Found Wosisosch's General Store.
 45964 | Orc:4    | Bought a scroll of remove curse for 45 gold pieces
 45964 | Orc:4    | Bought a scroll of remove curse for 45 gold pieces
 46036 | Orc:4    | @@@Ciclopi
 46157 | Orc:4    | Found Donnyacu's Jewellery Shoppe.
 46379 | Orc:4    | Bought the ring of Paucwugu {rC+ MR+ MP+9 EV+5} for 895 gold pieces
 46491 | Orc:4    | Found Xicikhis's Antique Weapon Shop.
 47087 | Orc:4    | Bought a warped great mace for 379 gold pieces
 47088 | Orc:4    | Identified the +6 great mace "Kapedeet" {crush, SInv} (You bought it in a shop on level 4 of the Orcish Mines)
 47383 | Orc:4    | Noticed Rupert
 47400 | Orc:4    | Killed Rupert
 47594 | Orc:3    | Found a roughly hewn altar of Beogh.
 48336 | Orc:3    | Found a roughly hewn altar of Beogh.
 48429 | Orc:3    | Found a runed door.
 48656 | Orc:3    | Found a roughly hewn altar of Beogh.
 48828 | Orc:4    | Bought a +5 ring of strength for 494 gold pieces
 48875 | Orc:4    | Bought a dazzling dire flail for 297 gold pieces
 48876 | Orc:4    | Identified the +8 dire flail "Pacunesa" {drain, MR++ Str+4 Int-2 Stlth+} (You bought it in a shop on level 4 of the Orcish Mines)
 48877 | Orc:4    | @@@Terminai O
 49303 | Spider:1 | Reached XP level 16. HP: 100/130 MP: 17/17
 49529 | Spider:1 | @@@Gasi woh!
 49742 | Spider:1 | Noticed Kirke
 49754 | Spider:1 | Killed Kirke
 50559 | Spider:2 | Noticed Arachne
 50579 | Spider:2 | Killed Arachne
 50819 | Spider:2 | Reached skill level 10 in Dodging
 50945 | Spider:2 | @@@Partida e usoara acum.
 51895 | Spider:2 | Reached skill level 17 in Maces & Flails
 52388 | Spider:3 | @@@Gasii un fda!
 53323 | Spider:3 | Noticed Jorgrun
 53336 | Spider:3 | Killed Jorgrun
 53493 | Spider:4 | Entered Level 4 of the Spider Nest
 53493 | Spider:4 | Noticed Aizul
 53526 | Spider:3 | Killed Aizul
 54913 | Spider:4 | Noticed Wiglaf
 54936 | Spider:4 | Killed Wiglaf
 54976 | Spider:4 | Reached XP level 17. HP: 119/140 MP: 18/18
 55686 | Spider:4 | @@@Gasii wot!
 56391 | Spider:4 | Reached skill level 15 in Fighting
 56796 | Spider:4 | Reached skill level 18 in Maces & Flails
 57386 | Spider:4 | Got a gossamer rune of Zot
 57507 | Spider:4 | @@@Vaulta seamana cu o pula:)
 57549 | Spider:4 | Bought the amulet of Pessimism {rMut rF+ rC- Stlth+} for 896 gold pieces
 58338 | D:15     | Found a staircase to the Depths.
 58564 | D:15     | Found Ysouco's Book Boutique.
 58572 | D:15     | Bought a book of Minor Magic for 260 gold pieces
 58579 | D:15     | Learned a level 2 spell: Blink
 58582 | D:15     | Learned a level 2 spell: Repel Missiles
 58945 | D:14     | Found a gate to the Vaults.
 59141 | D:14     | Noticed Louise
 59171 | D:14     | Killed Louise
 59171 | D:14     | Reached skill level 1 in Air Magic
 59174 | D:14     | Reached skill level 1 in Translocations
 59340 | D:14     | Reached skill level 1 in Charms
 59931 | D:14     | Noticed Azrael
 59987 | D:14     | Killed Azrael
 60298 | D:14     | @@@Terminai D.
 60607 | Shoals:1 | Entered Level 1 of the Shoals
 61103 | Shoals:1 | Reached XP level 18. HP: 83/149 MP: 19/19
 62427 | Shoals:1 | @@@Trebuie sa fiu atent la fauni!
 62729 | Lair:6   | Killed Maud
 63052 | Elf:1    | Entered Level 1 of the Elven Halls
 63266 | Elf:1    | Found a portal to a secret trove of treasure.
 63607 | Elf:1    | Found Xesavyru's Distillery.
 63914 | Elf:1    | Noticed a Brimstone Fiend
 64121 | Elf:3    | Entered Level 3 of the Elven Halls
 64430 | Elf:2    | Reached skill level 19 in Maces & Flails
 64879 | Elf:2    | Found Fulyewos's Jewellery Shop.
 65053 | Elf:2    | Found a huge runed gate.
 65053 | Elf:2    | Found a huge runed gate.
 65057 | Elf:2    | Found a huge runed gate.
 66898 | Elf:3    | Identified a cursed +3 rod of the swarm (5/9) {@w2!a,albine} (You took it off a deep elf conjurer on level 3 of the Elven Halls)
 66950 | Elf:3    | Got a sparkling jade amulet
 68134 | Elf:3    | Reached XP level 19. HP: 155/155 MP: 20/20
 68476 | Elf:3    | Identified the amulet of the Original Sin {+Rage rF+ Dex+4 Slay+2} (You took it off a deep elf death mage on level 3 of the Elven Halls)
 68722 | Elf:3    | Identified a +2 rod of destruction (10/10) (You took it off a deep elf fighter on level 3 of the Elven Halls)
 69367 | Elf:3    | Learned a level 1 spell: Apportation
 69535 | Elf:3    | Identified the Almanac of Blistering Confrontation
 69545 | Elf:3    | Learned a level 5 spell: Phase Shift
 69560 | Elf:3    | @@@Terminai E
 69578 | Elf:3    | Reached skill level 20 in Maces & Flails
 69942 | Lair:1   | @@@A,V:1-4,U,V:5..
 70331 | Shoals:4 | Entered Level 4 of the Shoals
 70333 | Shoals:4 | Noticed Polyphemus
 70491 | Shoals:3 | Noticed Nikola
 70513 | Shoals:3 | Killed Nikola
 71358 | Shoals:4 | Reached skill level 5 in Evocations
 71565 | Shoals:4 | Killed Polyphemus
 72890 | Shoals:4 | Got a shimmering ring mail
 72891 | Shoals:4 | Identified the +0 ring mail of Buerif {*Corrode rN+ Int+3 Dex+9} (You took it off a merfolk javelineer on level 4 of the Shoals)
 72900 | Shoals:4 | Got a barnacled rune of Zot
 73065 | Shoals:4 | Noticed Ilsuiw
 73092 | Shoals:4 | Killed Ilsuiw
 73134 | Shoals:4 | Reached XP level 20. HP: 154/162 MP: 25/25
 73148 | Shoals:4 | Got a faintly glowing fire dragon armour
 73151 | Shoals:4 | Identified the +5 fire dragon armour of Tappotz {+Fly rF++ rC-} (You took it off a merfolk on level 4 of the Shoals)
 73672 | Shoals:4 | @@@Explorai A:$ in totalitate.
 74141 | Vaults:1 | Entered Level 1 of the Vaults
 75543 | Vaults:1 | Reached skill level 15 in Armour
 75652 | Vaults:1 | Found an iron altar of Okawaru.
 76352 | Vaults:2 | Noticed Xtahua
 76371 | Vaults:2 | Killed Xtahua
 76610 | Vaults:2 | Got a twisted helmet
 76622 | Vaults:2 | Identified the +1 helmet of the Big Bang {rPois rC+ SInv} (You found it on level 2 of the Vaults)
 76623 | Vaults:2 | @@@Inutil
 77139 | Vaults:2 | Reached skill level 10 in Evocations
 77637 | Vaults:3 | Found a staircase to the Crypt.
 77717 | Vaults:3 | Noticed Mennas
 77859 | Vaults:3 | @@@Sar peste V:3.
 77877 | Vaults:4 | Reached XP level 21. HP: 152/168 MP: 28/28
 78888 | Vaults:4 | Noticed Mara
 78892 | Vaults:4 | Noticed NicuTudor's illusion
 79266 | Vaults:4 | Found Cauhun's Magic Scroll Boutique.
 79273 | Vaults:4 | Bought a scroll of identify for 44 gold pieces
 79273 | Vaults:4 | Bought a scroll of teleportation for 66 gold pieces
 79273 | Vaults:4 | Bought a scroll of recharging for 209 gold pieces
 79273 | Vaults:4 | Bought a scroll of identify for 44 gold pieces
 79273 | Vaults:4 | Bought a scroll of teleportation for 66 gold pieces
 80098 | D:9      | Killed an ice statue
 80310 | D:15     | @@@Magazinele cu arme nu avura succes.
 80315 | Depths:1 | Entered Level 1 of the Depths
 80687 | Depths:1 | Found Geruuvoth's Blood Bar.
 80703 | Depths:1 | Bought a +2 vampiric morningstar for 456 gold pieces
 80884 | Depths:1 | Found Ymnuats's Gadget Emporium.
 81154 | Depths:2 | Noticed the Enchantress
 81318 | Depths:2 | Found a gateway to Hell.
 81526 | Depths:1 | Found a one-way gate to the infinite horrors of the Abyss.
 81824 | Depths:2 | Noticed Norris
 81838 | Depths:2 | Killed Norris
 82059 | Depths:3 | Found a one-way gate leading to the halls of Pandemonium.
 82271 | Depths:3 | Found a flickering gateway to a bazaar.
 82280 | Bazaar   | Entered a bazaar
 82284 | Bazaar   | Found Aratier's Jewellery Boutique.
 82302 | Bazaar   | Found Yciecsoq's Antique Weapon Shoppe.
 82319 | Bazaar   | Found Zazoalepn's Weapon Boutique.
 82337 | Bazaar   | Found Fuprur's Antique Armour Emporium.
 82342 | Bazaar   | Bought a pair of pitted gloves for 294 gold pieces
 82352 | Bazaar   | Identified the +2 pair of gloves "Toliune" {+Fly rF- Int+3 Dex+3} (You bought it in a shop in a bazaar)
 82381 | Bazaar   | Bought an uncursed ring of protection from fire for 225 gold pieces
 82386 | Bazaar   | @@@Nimic
 82409 | Depths:3 | Reached skill level 15 in Dodging
 82421 | Depths:3 | Noticed a juggernaut
 82434 | Depths:3 | Killed a juggernaut
 82566 | Depths:3 | Noticed a caustic shrike
 82716 | Depths:2 | Found a shattered altar of Ashenzari.
 82723 | Depths:2 | Noticed a caustic shrike
 82736 | Depths:2 | Killed a caustic shrike
 82942 | Depths:2 | Reached XP level 22. HP: 174/176 MP: 29/29
 82952 | Depths:2 | @@@Pot sa bat caustic shrikes,dar e riscant.
 82952 | Depths:2 | @@@Nu am curaj sa ma bat 1v1 cu un juggernaut.
 84026 | Depths:1 | @@@Gozag ma pacali de citeva ori cu magazinele da' ma alesai cu DK,
 85438 | Depths:4 | Noticed Aarh's ghost (adept MfWn)
 85461 | Depths:4 | Killed a caustic shrike
 85505 | Depths:4 | Killed Aarh's ghost
 85585 | Depths:4 | Reached skill level 5 in Air Magic
 85668 | Depths:4 | Reached skill level 5 in Charms
 85672 | Depths:4 | @@@Pastrez banii pt potiuni.
 85983 | Depths:5 | Entered Level 5 of the Depths
 86157 | Depths:4 | Found an ancient bone altar of Kikubaaqudgha.
 86726 | Depths:4 | Found a runed door.
 86743 | Depths:4 | Found a runed door.
 86870 | Depths:5 | Reached skill level 5 in Translocations
 86987 | Depths:5 | Noticed a juggernaut
 86998 | Depths:5 | Killed a juggernaut
 87291 | Depths:5 | Reached XP level 23. HP: 158/184 MP: 30/30
 87590 | Depths:5 | Found a gate to the Realm of Zot.
 87739 | Depths:5 | Found a basalt altar of Yredelemnul.
 87740 | Depths:5 | Found a bloodstained altar of Trog.
 87747 | Depths:5 | Found a shattered altar of Ashenzari.
 87955 | Depths:3 | Noticed a caustic shrike
 87972 | Depths:3 | Killed a caustic shrike
 89229 | D:14     | @@@Nu gasii rE,da' o sa ma descurc.
 89347 | Vaults:5 | Entered Level 5 of the Vaults
 89402 | Vaults:5 | Reached skill level 10 in Charms
 89426 | Vaults:5 | Noticed an ancient lich
 89444 | Vaults:5 | Killed an ancient lich
 89842 | Vaults:5 | Noticed an ancient lich
 89876 | Vaults:5 | Killed an ancient lich
 89876 | Vaults:5 | Reached skill level 10 in Translocations
 90142 | Vaults:5 | Reached XP level 24. HP: 184/191 MP: 30/30
 90467 | Vaults:5 | Identified the Disquisition on Beguiling
 90482 | Vaults:5 | Learned a level 2 spell: Swiftness
 90487 | Vaults:5 | Learned a level 4 spell: Passage of Golubria
 90614 | Vaults:5 | Noticed Frederick
 90645 | Vaults:5 | Killed Frederick
 90722 | Vaults:5 | Got a clouded tin amulet
 90967 | Vaults:5 | Got a scorched marble ring
 90970 | Vaults:5 | Identified the ring "Hezeisip" {rElec rF+++ MP+9 Dex+2} (You took it off a deep elf death mage on level 5 of the Vaults)
 90971 | Vaults:5 | @@@HAHAHAHA!
 90973 | Vaults:5 | @@@Cel mai bun inel!
 91145 | Vaults:5 | Noticed Margery
 91168 | Vaults:5 | Killed Margery
 91533 | Vaults:5 | Got a silver rune of Zot
 91708 | Vaults:5 | @@@Simplu
 91861 | D:14     | Identified the amulet of Ireny {Ward rPois rN+ MR+} (You took it off a deep elf death mage on level 5 of the Vaults)
 92246 | Depths:5 | Noticed a juggernaut
 92263 | Depths:5 | Killed a juggernaut
 92579 | Depths:5 | Reached skill level 10 in Air Magic
 92728 | Depths:5 | Reached skill level 1 in Spellcasting
 92935 | Depths:5 | Got a faintly glowing golden amulet
 92969 | Depths:5 | Identified the amulet of the Forsaken Beds {Spirit rF+ Str+2} (You took it off a spriggan berserker on level 5 of the Depths)
 93244 | Depths:5 | Noticed a juggernaut
 93272 | Depths:5 | Killed a juggernaut
 93475 | Depths:5 | Reached skill level 5 in Spellcasting
 93553 | Depths:5 | Reached XP level 25. HP: 150/203 MP: 31/31
 94414 | Zot:1    | Entered Level 1 of the Realm of Zot
 94418 | Zot:1    | Identified a scroll of acquirement
 94423 | Zot:1    | Got an iridescent dire flail
 94424 | Zot:1    | Identified the +7 dire flail of Makhleb's Supremacy {crush, rF+ Str+2 Dex+6} (You acquired it on level 1 of the Realm of Zot)
 96806 | Zot:2    | @@@Acid
 97803 | Zot:2    | @@@Urasc vaulta asta!
 98059 | Zot:3    | Gained mutation: You are strongly in touch with the powers of death. [Mummy growth]
 98059 | Zot:3    | Reached XP level 26. HP: 203/217 MP: 36/36
 98485 | Zot:2    | Reached skill level 10 in Spellcasting
 98979 | Zot:4    | @@@Trec de 100k
 99854 | Zot:5    | Entered Level 5 of the Realm of Zot
 99988 | Zot:5    | @@@Nu folosii ac.
100453 | Zot:5    | Reached skill level 21 in Fighting
101019 | Zot:5    | Noticed an orb of fire
101055 | Zot:5    | Killed an orb of fire
101246 | Zot:5    | Noticed an ancient lich
101262 | Zot:5    | Killed an ancient lich
101359 | Zot:5    | Noticed an ancient lich
101407 | Zot:5    | Killed an ancient lich
101407 | Zot:5    | Reached XP level 27. HP: 171/229 MP: 37/37
101409 | Zot:5    | Noticed an ancient lich
101434 | Zot:5    | Killed an ancient lich
101705 | Zot:5    | Noticed an ancient lich
101945 | Zot:5    | Reached skill level 22 in Fighting
102023 | Zot:5    | Noticed an ancient lich
102039 | Zot:5    | Noticed an ancient lich
102052 | Zot:5    | Noticed an orb of fire
102218 | Zot:5    | Killed an ancient lich
102259 | Zot:5    | Killed an orb of fire
102263 | Zot:5    | Killed an ancient lich
102308 | Zot:5    | Killed an ancient lich
102540 | Zot:5    | Noticed an orb of fire
102552 | Zot:5    | Killed an orb of fire
102645 | Zot:5    | Noticed an ancient lich
102716 | Zot:5    | Killed an ancient lich
103081 | Zot:5    | Reached skill level 23 in Fighting
103285 | Zot:5    | Got the Orb of Zot
103629 | Depths:2 | Noticed Ateag the pandemonium lord
104063 | D:1      | @@@Greu la inceput,simplu la sfirsit.
104064 | D:$      | Escaped with the Orb!

Action                   |  1- 3 |  4- 6 |  7- 9 | 10-12 | 13-15 | 16-18 | 19-21 | 22-24 | 25-27 || total
-------------------------+-------+-------+-------+-------+-------+-------+-------+-------+-------++-------
Melee: Flail             |   145 |   257 |   555 |  1051 |  1130 |       |       |       |       ||  3138
       Club              |       |    37 |       |       |       |       |       |       |       ||    37
       Great mace        |       |       |       |       |  1114 |  1836 |  1864 |   885 |   229 ||  5928
       Morningstar       |       |       |       |       |    72 |       |    58 |   966 |  2169 ||  3265
 Fire: Blowgun           |       |     2 |    70 |    33 |    94 |   128 |    30 |    19 |       ||   376
       Hunting sling     |       |       |       |     7 |       |       |       |       |       ||     7
Throw: Stone             |       |     4 |     1 |       |     1 |       |       |       |       ||     6
       Tomahawk          |       |     8 |       |     7 |       |       |       |       |       ||    15
       Javelin           |       |       |       |    19 |     5 |       |     9 |     1 |     3 ||    37
       Throwing net      |       |       |       |       |       |    10 |    24 |     1 |     3 ||    38
 Cast: Repel Missiles    |       |       |       |       |       |       |       |     6 |     8 ||    14
       Phase Shift       |       |       |       |       |       |       |       |     1 |       ||     1
       Apportation       |       |       |       |       |       |       |       |     1 |    10 ||    11
       Passage of Golubr |       |       |       |       |       |       |       |       |     5 ||     5
       Blink             |       |       |       |       |       |       |       |       |     2 ||     2
Invok: Potion Petition   |       |       |     2 |     2 |     2 |     3 |     5 |    11 |    16 ||    41
       Call Merchant     |       |       |       |     1 |     1 |     1 |     1 |     1 |       ||     5
 Abil: Evoke Flight      |       |       |       |       |       |     2 |     9 |       |     1 ||    12
       Stop Flying       |       |       |       |       |       |       |       |     1 |     1 ||     2
       Self-Restoration  |       |       |       |       |       |       |       |       |     1 ||     1
Evoke: Wand              |       |       |     4 |    16 |    25 |    22 |    20 |    14 |    40 ||   141
       Sack of spiders   |       |       |       |       |     7 |     5 |    18 |       |       ||    30
       Lamp of fire      |       |       |       |       |     2 |     5 |     7 |     4 |     5 ||    23
       Fan of gales      |       |       |       |       |     2 |     2 |     1 |     2 |     2 ||     9
       Phantom mirror    |       |       |       |       |     1 |       |       |     1 |       ||     2
       Box of beasts     |       |       |       |       |       |     2 |     7 |     6 |    19 ||    34
       Rod               |       |       |       |       |       |     5 |     2 |       |       ||     7
       Deck              |       |       |       |       |       |       |     1 |       |       ||     1
       Phial of floods   |       |       |       |       |       |       |       |     2 |     4 ||     6
  Use: Scroll            |     4 |     5 |     4 |    16 |    22 |    14 |    20 |    23 |     9 ||   117
 Stab: Sleeping          |       |     1 |     1 |       |       |       |       |       |       ||     2
       Paralysed         |       |       |    19 |     3 |       |       |       |       |       ||    22
       Distracted        |       |       |       |     7 |    15 |    14 |    17 |    20 |    21 ||    94
       Invisible         |       |       |       |       |    15 |    10 |    31 |     3 |    51 ||   110
       Confused          |       |       |       |       |     4 |       |       |       |       ||     4
       Held in net/web   |       |       |       |       |     3 |     7 |    14 |     1 |     6 ||    31

Table legend:
 A = Turns spent in this place as a percentage of turns spent in the entire game.
 B = Non-inter-level travel turns spent in this place as a percentage of non-inter-level travel turns spent in the entire game.
 C = Inter-level travel turns spent in this place as a percentage of turns spent in this place.
 D = Turns resting spent in this place as a percentage of non-inter-level travel turns spent in this place.
 E = Turns spent auto-exploring this place as a percentage of non-inter-level travel turns spent in this place.
 F = Non-inter-level travel turns spent in this place divided by the number of levels of this place that you've seen.
                   A       B       C       D       E      F
               +-------+-------+-------+-------+-------+----------------------
         Total | 100.0 | 100.0 |   0.4 |   1.8 |   0.7 | 1076.5
       Dungeon |  25.4 |  25.3 |   0.7 |   2.2 |   0.9 | 1000.3
        Temple |   0.1 |   0.1 |   0.0 |   0.0 |   0.0 |  70.0
          Lair |  11.5 |  11.5 |   0.6 |   2.3 |   1.7 | 848.4
        Shoals |   6.1 |   6.2 |   0.2 |   2.5 |   0.0 | 911.8
   Spider Nest |   7.9 |   7.9 |   0.2 |   2.9 |   0.8 | 1174.5
  Orcish Mines |   7.0 |   7.0 |   0.5 |   1.5 |   0.9 | 1039.0
   Elven Halls |   6.1 |   6.2 |   0.2 |   1.8 |   1.0 | 1215.0
        Vaults |   9.7 |   9.8 |   0.2 |   1.3 |   0.5 | 1155.2
        Depths |  14.6 |  14.6 |   0.2 |   1.0 |   0.1 | 1725.6
           Zot |  11.2 |  11.3 |   0.0 |   1.4 |   0.3 | 1336.2
        Bazaar |   0.2 |   0.2 |   0.0 |   0.0 |   0.0 | 115.0
               +-------+-------+-------+-------+-------+----------------------

Table legend:
 A = Kills in this place as a percentage of kills in entire the game.
 B = Kills by you in this place as a percentage of kills by you in the entire game.
 C = Kills by friends in this place as a percentage of kills by friends in the entire game.
 D = Other kills in this place as a percentage of other kills in the entire game.
 E = Experience gained in this place as a percentage of experience gained in the entire game.
 F = Experience gained in this place divided by the number of levels of this place that you have seen.
                   A       B       C       D       E      F
               +-------+-------+-------+-------+-------+----------------------
         Total | 100.0 | 100.0 | 100.0 | 100.0 | 100.0 | 30470.1
       Dungeon |  21.5 |  22.0 |   1.6 |  17.6 |   5.9 | 6594.6
          Lair |  11.8 |  12.1 |   0.0 |   0.0 |   4.3 | 9091.8
        Shoals |   6.4 |   6.2 |  13.1 |  11.8 |   6.3 | 26288.0
   Spider Nest |   8.9 |   9.0 |   4.9 |   5.9 |   6.1 | 25422.5
  Orcish Mines |  11.3 |  10.9 |  34.4 |   0.0 |   1.6 | 6828.0
   Elven Halls |   5.0 |   4.9 |   3.3 |  23.5 |   5.7 | 31621.7
        Vaults |  13.1 |  13.1 |   9.8 |  23.5 |  18.5 | 62016.4
        Depths |  12.3 |  12.4 |   9.8 |   5.9 |  22.0 | 73891.4
           Zot |   9.7 |   9.4 |  23.0 |  11.8 |  29.6 | 99128.6
               +-------+-------+-------+-------+-------+----------------------

Vault maps used:
D:1:      erik_arrival_cave_to_civilisation, hex_intersection,
          minmay_misc_feat_room, hangedman_abyss_or_decor_lesser_grid
D:2:      kennysheep_the_goblin_king, uniq_robin
D:3:      uniq_terence
D:4:      makhleb_altar_promises_db, uniq_sigmund
D:5:      fedhas_altar_1, first_bread
D:6:      minmay_temple_entry_fiery
D:7:      tso_oasis_becter, grunt_temple_overflow_open, serial_shops,
          kennysheep_mini_moat, uniq_pikel, uniq_crazy_yiuf_cottage, uniq_joseph
D:8:      okawaru_metal_pillars_1_2, nicolae_ru_sacrificial_ziggurat, uniq_grum
D:9:      erik_lair_island, minivault_15
D:10:     serial_shops, shop_statue
D:11:     lemuel_bear_cage, serial_shops, shop, enter_bailey_2
D:12:     orc_0_dummy, serial_shops, shop, hangedman_stone_soup,
          water_maze_lemuel
D:13:     uniq_sonja
D:14:     grunt_vaults_entry_tiered, cheibriados_altar_1, grunt_ministairs_7,
          uniq_azrael, uniq_louise
D:15:     gammafunk_enter_depths_forms, hangedman_decor_opposing, serial_shops,
          nicolae_shop_temple_entry_statues_fountains
Temple:   circular_temple_12
Lair:1:   portal_ice_cave_entry_ice_beasts, serial_bayou_pond_e
Lair:2:   dpeg_oklob_gauntlet, minmay_hedge_maze
Lair:3:   minmay_shoals_entry_lonely_mermaid, serial_bayou_shore_b
Lair:4:   bh_autumn_forest_stairs
Lair:5:   nicolae_spider_entry_non_spiders, basic_altar
Lair:6:   slime_altar_2, beast_lair_carwin_7, grunt_megastairs_4, uniq_maud,
          uniq_josephine, uniq_nessos
Lair:8:   grunt_lair_end_beastmaster, serial_bayou_shore_b
Shoals:1: nicolae_shoals_seven_spires, st_cyclops
Shoals:2: abandoned_shop
Shoals:3: uniq_nikola
Shoals:4: shoals_end_grunt_ice, shoal_ilsuiw, nicolae_shoals_circle_sea_wall,
          uniq_polyphemus
Spider:1: einodemon_crawler_minivault, uniq_kirke
Spider:2: uniq_arachne
Spider:3: spider_trap, hangedman_spider_mandibles, uniq_jorgrun
Spider:4: grunt_spider_rune_parallel, uniq_wiglaf, uniq_aizul
Orc:1:    abandoned_shop
Orc:2:    orc_temple
Orc:3:    nicolae_orc_pool_cavern, hangedman_feature_mirror,
          lightli_church_of_beogh
Orc:4:    grunt_orc_gardens, grunt_orc_garden, grunt_orc_garden,
          grunt_orc_garden, grunt_orc_garden, mines3_lemuel, uniq_rupert,
          uniq_maurice
Elf:1:    elf_arrival_002, trove_entry_hex_spiral, serial_shops,
          nicolae_shop_waterfront, minmay_elf_demonology, minivault_20
Elf:2:    serial_shops, shop, hex_medium, moated_statue, roderic_three_in_a_row
Elf:3:    nooodl_elf_gasket, stair_cage_line, hangedman_elf_power_crystal,
          fountainhead
Vaults:1: v_misc_30, v_misc_28, vaults_dpeg_diagonal,
          nicolae_vaults_little_squares_1, basic_altar
Vaults:2: grunt_vaults_hallway_long, nicolae_vaults_c_with_doors,
          vaults_room_semicircle, ontoclasm_vaults_ring_large,
          nicolae_vaults_ninety_degrees, nicolae_vaults_border_crossing,
          v_misc_29, nicolae_vaults_alarming, vaults_room_fours, uniq_xtahua
Vaults:3: nicolae_vaults_an_arrangement, v_misc_8, v_misc_2,
          ontoclasm_vaults_hangar, nicolae_vaults_circle_grid_a,
          minmay_crypt_entry_simple_box, v_rooms_6,
          hangedman_vaults_stretched_pinwheel, v_misc_24, grunt_vaults_bifocal,
          v_alt_pattern_2, vaults_dpeg_encased_lava, vaults_dpeg_ring,
          vaults_mumra_hex, uniq_mennas
Vaults:4: nicolae_vaults_angled_halls, nicolae_vaults_circle_grid_b, v_misc_4,
          nicolae_vaults_good_morning_starshine, v_misc_30,
          hangedman_vaults_restitches, nicolae_vaults_theta,
          nicolae_vaults_rhombus_6, grunt_vaults_twisty,
          ontoclasm_vaults_gateway, ontoclasm_vaults_eye,
          nicolae_vaults_little_squares_1, ontoclasm_vaults_ring_large,
          v_misc_25, ontoclasm_vaults_ring_small, serial_shops,
          nicolae_shop_window_shopping, shop, nicolae_shop_stone, uniq_mara
Vaults:5: serial_shops, uniq_margery, uniq_frederick
Depths:1: minmay_connected_boxes_in_corner, minmay_room_of_horrors,
          roderic_aztec_sauvastika, serial_shops, nicolae_shop_waterfront,
          hell_entry, st_stairs_9, grunt_decor_resistance, guppyfry_shop_blood
Depths:2: hangedman_cross_stitches, enter_ziggurat_c,
          abyss_entry_small_statue_room, hell_entry, kennysheep_nondescript,
          spider_trap, nicolae_ashenzari_panopticon, uniq_norris,
          uniq_enchantress
Depths:3: minmay_outward_triangles, abyss_entry_crystal, rand_demon_pan_entry_5,
          serial_shops, bzr_entry_dummy, minmay_staircase_statues,
          grunt_hell_entry_dis_old, grunt_megastairs_3, serial_bayou_shore_a
Depths:4: lemuel_troll_bridge, serial_sigils, serial_sigils_hangedman_etch,
          serial_sigils_hangedman_leer, serial_sigils_hangedman_quiver,
          serial_sigils_hangedman_confine, hell_entry, abyss_entry,
          lemuel_statue_altar
Depths:5: hangedman_slaughterboxes, hell_entry
Zot:1:    grunt_zot_stairs_faceoff
Zot:2:    lemuel_acid_trip, st_stairs_13
Zot:4:    grunt_twist_and_shout
Zot:5:    grunt_megastairs_2
Bazaar:   bazaar_jpeg_circle_common
